 Dungeon Crawl Stone Soup version 0.30.0-29-ga12c61a403 (webtiles) character file.

Game seed: 14471601885665124658

130936 cheesebisquit the Severer (level 16, -8/158 HPs)
             Began as a Minotaur Berserker on June 23, 2023.
             Was a High Priest of Trog.
             Shot with a bolt by Vashnia (37 damage)
             ... on level 2 of the Snake Pit.
             The game lasted 01:37:58 (21930 turns).

cheesebisquit the Severer (Minotaur Berserker)     Turns: 21930, Time: 01:37:59

Health: -8/158     AC: 36    Str: 36    XL:     16   Next: 54%
Magic:  0/15       EV: 11    Int:  4    God:    Trog [*****.]
Gold:   782        SH:  0    Dex: 13    Spells: 15/15 levels left

rFire   . . .        a - +7 battleaxe (protect)
rCold   + . .        (shield currently unavailable)
rNeg    . . .        P - +0 plate armour {Will+}
rPois   +            T - +2 hat of the Bear Spirit {Spirit, Bear, *Rage Will++}
rElec   .            U - +2 cloak {rCorr}
rCorr   +            N - +1 pair of gloves of Pandemonium {Dex+3}
SInv    +            B - +1 pair of boots "Qifanwoj" {rCorr Str+4 SInv}
Will    +++++        o - amulet of regeneration Stlth
                     G - ring "Lydugh" {Fly rC+ Str+2}
HPRegen 2.26/turn    K - ring of poison resistance
MPRegen 0.14/turn

%: random rage (20%), guardian spirit
@: mighty, strong-willed, under a protective aura, on berserk cooldown, flying,
regenerating, hasted, invisible, very quick
A: horns 2, retaliatory headbutt
a: Renounce Religion, Berserk, Trog's Hand, Brothers in Arms


You were on level 2 of the Snake Pit.
You worshipped Trog.
Trog was extremely pleased with you.
You visited 5 branches of the dungeon, and saw 25 of its levels.
You also visited: Ice Cave and Volcano.

You collected 2790 gold pieces.
You spent 2008 gold pieces at shops.

Inventory:

Hand Weapons
 a - a +7 battleaxe of protection (weapon)
 b - the +6 hand axe of the New World {flame, rPois}
   (Trog gifted it to you on level 2 of the Lair of Beasts)

   rPois:     It protects you from poison.
 m - the +4 broad axe of Frustration {flame, rC+ rN+ Str+3 Int-5}
   (Trog gifted it to you on level 14 of the Dungeon)

   Str:       It affects your strength (+3).
   Int:       It affects your intelligence (-5).
   rC:        It protects you from cold.
   rN:        It protects you from negative energy.
Missiles
 d - 10 javelins
 g - 2 silver boomerangs
 q - a throwing net
 r - 6 silver javelins
 u - 18 boomerangs (quivered)
 F - 14 curare-tipped darts
 L - 6 atropa-tipped darts
 S - 27 poisoned darts
Armour
 B - the +1 pair of boots "Qifanwoj" (worn) {rCorr Str+4 SInv}
   (You bought it in a shop on level 2 of the Orcish Mines)

   Str:       It affects your strength (+4).
   SInv:      It lets you see invisible.
   rCorr:     It protects you from acid and corrosion.
 N - the +1 pair of gloves of Pandemonium (worn) {Dex+3}
   (You acquired it on level 4 of the Lair of Beasts)

   Dex:       It affects your dexterity (+3).
 P - a +0 plate armour of willpower (worn)
 T - the +2 hat of the Bear Spirit (worn) {Spirit, Bear, *Rage Will++}
   (You bought it in a shop on level 2 of the Orcish Mines)

   Bear:      Going berserk makes the wearer exceptionally tough, and they are
   slowed for a shorter time afterward.
   *Rage:     It berserks you when you make melee attacks (+20% chance).
   Will:      It greatly increases your willpower.
 U - a +2 cloak of preservation (worn)
 W - a +0 tower shield
Jewellery
 i - the ring of Goel {rC+ Str+2 Stlth+}
   (You found it on level 5 of the Lair of Beasts)

   [ring of protection from cold]

   Str:       It affects your strength (+2).
   rC:        It protects you from cold.
   Stlth:     It makes you more stealthy.
 o - an amulet of regeneration (around neck)
 y - a ring of positive energy
 G - the ring "Lydugh" (left hand) {Fly rC+ Str+2}
   (You acquired it in an ice cave)

   [ring of flight]

   Str:       It affects your strength (+2).
   rC:        It protects you from cold.
   Fly:       It grants you flight.
 K - a ring of poison resistance (right hand)
 V - a ring of protection from fire
Wands
 c - a wand of polymorph (3)
 v - a wand of roots (18)
 I - a wand of light (53)
 R - a wand of mindburst (17)
 X - a wand of paralysis (14)
 Y - a wand of flame (5)
Scrolls
 e - 20 scrolls of teleportation
 j - 3 scrolls of fear
 n - 2 scrolls of fog
 t - 9 scrolls of vulnerability
 A - a scroll of torment
 O - 2 scrolls of magic mapping
 Q - 5 scrolls of immolation
 Z - a scroll of butterflies
Potions
 f - 6 potions of mutation
 h - 3 potions of cancellation
 k - 4 potions of attraction
 l - 3 potions of might
 p - 7 potions of flight
 x - 4 potions of ambrosia
 z - 10 potions of curing
 C - 5 potions of haste
 D - 3 potions of resistance
 E - 3 potions of lignification
 H - 4 potions of berserk rage
 J - 4 potions of heal wounds
Miscellaneous
 s - a box of beasts


   Skills:
 + Level 18.3 Fighting
 - Level 20.0 Axes
 - Level 5.0 Throwing
 + Level 18.1 Armour
 - Level 5.0 Dodging
 - Level 5.0 Stealth
 - Level 11.0 Shields
 - Level 5.0 Evocations


You had 15 spell levels left.
You didn't know any spells.
Your spell library was empty.

Dungeon Overview and Level Annotations

Branches:
Dungeon (15/15)            Temple (1/1) D:7            Lair (5/5) D:11
 Shoals (0/4) Lair:3        Snake (1/4) Lair:3        Slime (0/5) Lair:5
    Orc (2/2) D:12            Elf (0/3) Orc:2        Vaults (0/5) D:14
 Depths (0/4) D:15          IceCv (visited)         Volcano (visited)

Altars:
Ashenzari
Cheibriados
Dithmenos
Elyvilon
Fedhas
Gozag
Hepliaklqana
Kikubaaqudgha
Nemelex Xobeh
Okawaru
Qazlal
Ru
Sif Muna
Trog
Uskayaw
Vehumet
Wu Jian
Xom
Yredelemnul
Zin
The Shining One
Jiyva
Lugonu

Shops:
D:2 *   D:3 =   D:11 !   D:13 [   Orc:2 :(([   Snake:2 *(

Portals:
Abyss: Lair:5
Trove: D:14 (give +5 demon trident)

Annotations:
Snake:2 Vashnia


Innate Abilities, Weirdness & Mutations

You have a pair of horns on your head.
You reflexively headbutt those who attack you in melee.


Message History

You feel very mighty all of a sudden.
You feel yourself speed up.
The naga sharpshooter shoots an arrow.
The arrow misses you.
The naga sharpshooter shoots a bolt.
The bolt hits you!
* * * LOW HITPOINT WARNING * * *
The naga sharpshooter unwields a +0 arbalest.
The naga sharpshooter wields a +0 war axe.
The naga sharpshooter misses you. The naga sharpshooter grabs you.
The naga sharpshooter constricts you.
You feel much better.
The naga sharpshooter spits poison at you.
The splash of poison hits you but does no damage.
You resist.
You slice the naga sharpshooter!!
Your weapon exudes an aura of protection.
You headbutt the naga sharpshooter!
You kill the naga sharpshooter!
Trog accepts your kill.
Trog appreciates your killing of a magic user.
You slash the naga sharpshooter!
The naga sharpshooter spits poison at you.
The splash of poison misses you.
Vashnia shoots a bolt.
The bolt hits you but does no damage.
The naga sharpshooter hits you with a +0 war axe!
* * * LOW HITPOINT WARNING * * *
The naga sharpshooter constricts you.
You barely miss the naga sharpshooter.
Your headbutt misses the naga sharpshooter.
The naga sharpshooter is severely wounded.
You slash the naga sharpshooter! You headbutt the naga sharpshooter!
You kill the naga sharpshooter!
Trog accepts your kill.
Trog appreciates your killing of a magic user.
Vashnia shoots a bolt.
The bolt hits you but does no damage.
The naga sharpshooter shoots a bolt.
The bolt closely misses you.
The naga sharpshooter casts a spell.
The naga sharpshooter magically shoots a bolt.
The bolt hits you.
* * * LOW HITPOINT WARNING * * *
Vashnia shoots a bolt.
The bolt hits you!!!
You die...

####........
#...).....#
#))#).....#
#........##
###§######
##§.§§§##
##..§.§§§##
#...§§)§§§##
#....§§@§[..#
#....8.§N8....#
#)............#
....∩..8..∩.....
#.....N.......#.
#....8...8....#
##...........##
##.........##


You could see Vashnia and a naga sharpshooter (catching breath).

Vanquished Creatures
  A tentacled monstrosity (Snake:1)
  Gastronok (Lair:2)
  Kirke (D:12)
  A thorn hunter (Lair:3)
  2 orc warlords (Orc:2)
  Nessos (D:14)
  Azrael (Orc:2)
  A minotaur (Lair:1)
  Josephine (D:11)
  An ettin (D:15)
  5 hydras
  Erica (Lair:2)
  A centaur warrior (D:13)
  3 anacondas (Snake:1)
  3 boulder beetles
  3 alligators (Snake:1)
  A tengu warrior (D:15)
  2 naga warriors (Snake:2)
  6 two-headed ogres
  An orc high priest (Orc:2)
  4 thrashing horrors (Lair:5)
  3 naga sharpshooters (Snake:2)
  5 death yaks (Lair:3)
  Urug (D:14)
  A hell knight (Volcano)
  Sonja (Lair:2)
  3 skysharks
  A fire crab (shapeshifter) (Lair:5)
  3 skeletal warriors (D:14)
  2 deep trolls (D:15)
  A naga ritualist (Snake:1)
  3 swamp dragons (Snake:1)
  A wizard (D:15)
  Pikel (D:4)
  A lindwurm (Orc:2)
  A necromancer (D:15)
  2 orc knights
  4 manticores
  7 mana vipers (Snake:1)
  25 ugly things
  2 deep elf pyromancers (D:12)
  2 orc sorcerers (Orc:2)
  3 cyclopes
  A salamander (Snake:2)
  4 elephants (Lair:4)
  13 black mambas
  2 naga magi (Snake:1)
  A guardian serpent (Snake:2)
  3 smoke demons
  A molten gargoyle (Volcano)
  2 torpor snails
  16 cane toads
  3 ice statues (IceCv)
  2 kobold demonologists
  11 komodo dragons
  3 rime drakes
  A freezing wraith (IceCv)
  2 unseen horrors (D:13)
  4 yaktaurs (D:15)
  2 ice devils (Lair:2)
  An ancient zyme (Lair:5)
  2 queen bees (shapeshifter) (D:15)
  11 trolls
  3 red devils (Volcano)
  6 meliai (D:14)
  3 polar bears
  A tarantella (shapeshifter) (D:15)
  A tyrant leech (Snake:1)
  45 blink frogs
  Sigmund (D:3)
  12 slime creatures
  A centaur simulacrum (D:14)
  A vampire (D:14)
  A ynoxinul (Lair:5)
  2 shadows (D:10)
  41 yaks
  A large abomination (Lair:5)
  6 small abominations (Lair:5)
  7 wraiths
  3 fire elementals (Orc:2)
  2 steam dragons
  A chaos spawn (Lair:5)
  5 fire bats (Volcano)
  3 wyverns
  5 hogs (D:12)
  Grum (D:8)
  16 humans (D:14)
  A redback (shapeshifter) (Lair:5)
  7 vampire mosquitoes
  7 basilisks
  A death yak simulacrum (IceCv)
  5 nagas
  2 swamp worms (Snake:1)
  10 wargs
  A harpy simulacrum (IceCv)
  19 water moccasins
  A hydra simulacrum (IceCv)
  Duvessa (D:6)
  2 hell hounds (Orc:2)
  2 acid dragons
  24 orc warriors
  2 black bears
  A swamp drake (Snake:1)
  An ice beast (shapeshifter) (Lair:5)
  3 boggarts (D:15)
  8 ogres
  12 centaurs
  7 wolves
  3 kobold brigands
  A gnoll sergeant (D:11)
  3 scorpions
  16 bullfrogs
  A cane toad simulacrum (IceCv)
  17 wights
  A hornet simulacrum (D:14)
  Dowan (D:6)
  An elephant simulacrum (IceCv)
  3 killer bees (D:10)
  2 electric eels
  8 howler monkeys
  7 lava snakes (Volcano)
  A jelly (D:7)
  A gnoll bouda (D:9)
  14 orc priests
  A hound (D:5)
  5 iguanas
  A sleepcap (D:5)
  19 orc wizards
  2 polar bear simulacra (IceCv)
  7 hell rats (Lair:4)
  2 wolf simulacra (IceCv)
  6 adders
  10 gnolls
  A shadow imp (D:5)
  3 dart slugs
  73 orcs
  A bat zombie (D:14)
  9 endoplasms
  2 giant cockroaches
  10 goblins
  11 hobgoblins
  A jackal (D:1)
  20 kobolds
  3 quokkas
  5 ball pythons
  3 frilled lizards
  7 rats
  2 rat zombies (D:14)
768 creatures vanquished.

Vanquished Creatures (collateral kills)
  A tentacled monstrosity (Snake:1)
  A centaur warrior (D:15)
  The ghost of croobank the Sneak, a novice DgFE (Lair:1)
  A death yak (Lair:3)
  A naga ritualist (Snake:1)
  An ugly thing (D:14)
  A salamander (Snake:2)
  A naga mage (Snake:1)
  A black mamba (Snake:1)
  A yak (Lair:3)
  2 orc warriors (Orc:2)
  An orc priest (Orc:2)
  3 orcs (Orc:2)
16 creatures vanquished.

Vanquished Creatures (others)
  An orc priest (Orc:2)
  An orc (Orc:2)
2 creatures vanquished.

Grand Total: 786 creatures vanquished

Notes
Turn   | Place    | Note
-------+----------+-------------------------------------------
     0 | D:1      | cheesebisquit the Minotaur Berserker began the quest for
                  | the Orb.
     0 | D:1      | Reached XP level 1. HP: 19/19 MP: 0/0
    83 | D:1      | Reached skill level 4 in Axes
    83 | D:1      | Reached XP level 2. HP: 25/27 MP: 1/1
   443 | D:1      | Reached XP level 3. HP: 33/33 MP: 2/2
   604 | D:1      | Reached ** piety under Trog
  1284 | D:2      | Found Onecuic's Assorted Antiques.
  1380 | D:3      | Reached XP level 4. HP: 41/41 MP: 3/3
  1385 | D:3      | Found Bewkam's Jewellery Shoppe.
  1516 | D:3      | Reached skill level 5 in Axes
  1620 | D:3      | Noticed Sigmund
  1637 | D:3      | Killed Sigmund
  1638 | D:3      | Reached skill level 5 in Fighting
  1638 | D:3      | Reached skill level 6 in Axes
  1638 | D:3      | Reached XP level 5. HP: 48/48 MP: 4/4
  1638 | D:3      | Reached XP level 6. HP: 56/56 MP: 5/5
  2198 | D:4      | You fall into a shaft and drop 2 floors!
  2203 | D:5      | Entered Level 5 of the Dungeon
  2306 | D:5      | Reached skill level 1 in Shields
  2619 | D:4      | Noticed Pikel
  2641 | D:4      | Killed Pikel
  2642 | D:4      | Reached skill level 7 in Axes
  2642 | D:4      | Reached skill level 5 in Armour
  2642 | D:4      | Reached XP level 7. HP: 46/63 MP: 6/6
  3070 | D:4      | Reached skill level 8 in Axes
  3449 | D:5      | Reached XP level 8. HP: 68/71 MP: 7/7
  4029 | D:6      | Noticed Dowan
  4029 | D:6      | Noticed Duvessa
  4040 | D:6      | Killed Duvessa
  4042 | D:6      | Killed Dowan
  4043 | D:6      | Reached skill level 9 in Axes
  4075 | D:6      | Found a white marble altar of Elyvilon.
  4404 | D:7      | Found a staircase to the Ecumenical Temple.
  4404 | D:7      | Noticed a kobold demonologist
  4408 | D:7      | Noticed a soul eater
  4416 | D:7      | Killed a kobold demonologist
  4417 | D:7      | Reached skill level 5 in Shields
  4534 | D:7      | Reached XP level 9. HP: 78/78 MP: 8/8
  4535 | D:7      | Reached skill level 10 in Axes
  4947 | D:7      | Found a hide-covered altar of Uskayaw.
  5019 | D:7      | Found a shimmering altar of Xom.
  5442 | D:8      | Found a stormy altar of Qazlal.
  5442 | D:8      | Found a blossoming altar of Fedhas.
  5493 | D:8      | Reached *** piety under Trog
  5494 | D:8      | Reached skill level 11 in Axes
  5568 | D:8      | Found a shimmering blue altar of Sif Muna.
  5706 | D:8      | Noticed Grum
  5719 | D:8      | Killed Grum
  5830 | Temple   | Entered the Ecumenical Temple
  6087 | D:8      | Found an ornate altar of the Wu Jian Council.
  6311 | D:9      | Reached XP level 10. HP: 80/90 MP: 9/9
  6346 | D:9      | Found a glowing golden altar of the Shining One.
  6596 | D:9      | Reached skill level 12 in Axes
  6817 | D:9      | Found a broken altar of Ashenzari.
  6858 | D:9      | Found a sparkling altar of Nemelex Xobeh.
  7076 | D:10     | Entered Level 10 of the Dungeon
  7148 | D:10     | Noticed a two-headed ogre
  7160 | D:10     | Killed a two-headed ogre
  7236 | D:10     | Noticed a two-headed ogre
  7244 | D:10     | Killed a two-headed ogre
  7245 | D:10     | Reached skill level 13 in Axes
  7434 | D:10     | Reached skill level 10 in Fighting
  7437 | D:10     | Reached XP level 11. HP: 99/99 MP: 10/10
  7665 | D:11     | Noticed a two-headed ogre
  7670 | D:11     | Noticed Josephine
  7675 | D:11     | Killed a two-headed ogre
  7683 | D:11     | Killed Josephine
  7684 | D:11     | Reached skill level 14 in Axes
  7684 | D:11     | Reached skill level 10 in Armour
  7694 | D:11     | Reached **** piety under Trog
  7823 | D:11     | Found Vapefod's Distillery.
  7880 | D:11     | Found a staircase to the Lair.
  7945 | D:11     | Bought a potion of curing for 45 gold pieces
  7945 | D:11     | Bought a potion of ambrosia for 120 gold pieces
  7945 | D:11     | Bought a potion of lignification for 45 gold pieces
  7945 | D:11     | Bought a potion of curing for 45 gold pieces
  7945 | D:11     | Bought a potion of berserk rage for 75 gold pieces
  8189 | D:2      | Bought a scroll of identify for 58 gold pieces
  8189 | D:2      | Bought a potion of curing for 87 gold pieces
  8190 | D:2      | Bought a scroll labelled UCLUN CACVUQI for 29 gold pieces
  8696 | D:12     | Noticed a boulder beetle
  8805 | D:12     | Noticed a two-headed ogre
  8810 | D:12     | Killed a two-headed ogre
  8881 | D:12     | Noticed Kirke
  8934 | D:12     | Killed Kirke
  8935 | D:12     | Reached skill level 15 in Axes
  9047 | D:12     | Killed a boulder beetle
  9048 | D:12     | Reached skill level 10 in Shields
  9048 | D:12     | Reached XP level 12. HP: 110/110 MP: 11/11
  9228 | D:12     | Noticed a two-headed ogre
  9235 | D:12     | Killed a two-headed ogre
  9270 | D:12     | Identified the +3 leather armour of Fallacy {rF+ Str+3
                  | Int-5 SInv}
  9630 | D:12     | Found a staircase to the Orcish Mines.
  9842 | D:12     | Reached skill level 16 in Axes
  9975 | Lair:1   | Entered Level 1 of the Lair of Beasts
 10260 | Lair:1   | Noticed croobank's ghost (novice DgFE)
 10260 | Lair:1   | Noticed a minotaur
 10651 | Lair:1   | Found a runed translucent gate.
 10658 | Lair:1   | Found a runed translucent gate.
 10659 | Lair:1   | Found a runed translucent gate.
 10907 | Lair:2   | Noticed Erica
 11011 | Lair:2   | Found a frozen archway.
 11028 | IceCv    | Entered an ice cave
 11124 | IceCv    | Reached skill level 17 in Axes
 11166 | IceCv    | Identified a scroll of acquirement
 11167 | IceCv    | Acquired the ring "Lydugh" {Fly rC+ Str+2}
 11278 | Lair:2   | Reached XP level 13. HP: 119/119 MP: 12/12
 11281 | Lair:2   | Killed Erica
 11397 | Lair:2   | Noticed Gastronok
 11406 | Lair:2   | Killed Gastronok
 11445 | Lair:2   | Reached ***** piety under Trog
 11536 | Lair:2   | Noticed Sonja
 11539 | Lair:2   | Killed Sonja
 11539 | Lair:2   | Identified the +6 hand axe of the New World {flame, rPois}
                  | (Trog gifted it to you on level 2 of the Lair of Beasts)
 11539 | Lair:2   | Received a gift from Trog
 11540 | Lair:2   | Reached skill level 18 in Axes
 12321 | Lair:3   | Found a staircase to the Shoals.
 12373 | Lair:3   | Reached skill level 19 in Axes
 12499 | Lair:3   | Found a staircase to the Snake Pit.
 12770 | Lair:4   | Reached XP level 14. HP: 114/132 MP: 13/13
 13360 | Lair:4   | Acquired the +1 pair of gloves of Pandemonium {Dex+3}
 14030 | Lair:5   | Entered Level 5 of the Lair of Beasts
 14115 | Lair:5   | Found a staircase to the Slime Pits.
 14117 | Lair:5   | Found a viscous altar of Jiyva.
 14377 | Lair:5   | Reached skill level 20 in Axes
 14460 | Lair:5   | Reached skill level 15 in Fighting
 14499 | Lair:5   | Identified the ring of Goel {rC+ Str+2 Stlth+}
 14528 | Lair:5   | Reached skill level 15 in Armour
 14539 | Lair:5   | Received a gift from Trog
 14794 | Lair:5   | Found a corrupted altar of Lugonu.
 14794 | Lair:5   | Found a one-way gate to the infinite horrors of the Abyss.
 15361 | Lair:1   | Killed croobank's ghost
 15506 | Orc:1    | Entered Level 1 of the Orcish Mines
 15874 | Orc:2    | Entered Level 2 of the Orcish Mines
 15876 | Orc:2    | Found a staircase to the Elven Halls.
 15921 | Orc:2    | Found a dark tunnel.
 15944 | Volcano  | Entered a volcano
 16142 | Volcano  | Found a burning altar of Makhleb.
 16148 | Volcano  | Reached skill level 1 in Throwing
 16148 | Volcano  | Reached skill level 1 in Evocations
 16149 | Volcano  | Reached skill level 1 in Stealth
 16250 | Volcano  | Reached XP level 15. HP: 144/144 MP: 14/14
 16472 | Orc:2    | Noticed Azrael
 16489 | Orc:2    | Killed Azrael
 16717 | Orc:2    | Found Ralimm's Antique Weapon Shoppe.
 16725 | Orc:2    | Received a gift from Trog
 16728 | Orc:2    | Found Melasyiw's Antique Armour Emporium.
 17137 | Orc:2    | Found Fira's Antique Weapon Boutique.
 17344 | Orc:2    | Found Ruqa's Book Boutique.
 17605 | D:13     | Found Aptaxkor's Antique Armour Boutique.
 17904 | Orc:2    | Bought the +2 hat of the Bear Spirit {Spirit, Bear, *Rage
                  | Will++} for 1012 gold pieces
 17904 | Orc:2    | Found the +2 hat of the Bear Spirit {Spirit, Bear, *Rage
                  | Will++}
 17904 | Orc:2    | Bought a pair of bloodstained boots for 275 gold pieces
 17904 | Orc:2    | Identified the +1 pair of boots "Qifanwoj" {rCorr Str+4
                  | SInv} (You bought it in a shop on level 2 of the Orcish
                  | Mines)
 18006 | D:13     | Bought a glowing hat for 217 gold pieces
 18975 | D:14     | Noticed Urug
 18975 | D:14     | Noticed Nessos
 18975 | D:14     | Found a gate to the Vaults.
 18988 | D:14     | Killed Urug
 18994 | D:14     | Killed Nessos
 19025 | D:14     | Reached skill level 5 in Dodging
 19473 | D:14     | Found a shadowy altar of Dithmenos.
 19492 | D:14     | Identified the +4 broad axe of Frustration {flame, rC+ rN+
                  | Str+3 Int-5} (Trog gifted it to you on level 14 of the
                  | Dungeon)
 19492 | D:14     | Received a gift from Trog
 19793 | D:14     | Found an ancient bone altar of Kikubaaqudgha.
 19986 | D:14     | Found a portal to a secret trove of treasure.
 20063 | D:15     | Entered Level 15 of the Dungeon
 20717 | D:15     | Reached skill level 5 in Throwing
 20962 | D:15     | Found a staircase to the Depths.
 20974 | D:15     | Reached XP level 16. HP: 155/155 MP: 15/15
 21456 | Snake:1  | Entered Level 1 of the Snake Pit
 21530 | Snake:1  | Reached skill level 5 in Evocations
 21536 | Snake:1  | Reached skill level 5 in Stealth
 21539 | Snake:1  | Noticed a thorn hunter
 21554 | Snake:1  | Noticed a tentacled monstrosity
 21575 | Lair:3   | Killed a thorn hunter
 21645 | Snake:1  | Killed a tentacled monstrosity
 21779 | Snake:1  | Noticed a tentacled monstrosity
 21790 | Snake:1  | Killed a tentacled monstrosity
 21889 | Snake:1  | You are sucked into a shaft and drop 1 floor!
 21904 | Snake:2  | Found Zisicos's Weapon Emporium.
 21904 | Snake:2  | Found Oqaihap's Assorted Antiques.
 21904 | Snake:2  | Noticed Vashnia
 21920 | Snake:2  | HP: 3/157 [naga sharpshooter/bolt[Vashnia] (7)]
 21925 | Snake:2  | HP: 5/157 [naga sharpshooter/bolt[Vashnia] (15)]
 21930 | Snake:2  | Shot with a bolt by Vashnia

Illustrated notes

Levels and vault maps discovered:
D:1:      minmay_arrival_nine_rooms, layout_basic, st_stairs_9,
          minmay_tetromino_l2
D:2:      layout_basic, serial_shops, shop
D:3:      minmay_door_path, layout_rooms, serial_shops, shop, uniq_sigmund
D:4:      layout_basic, uniq_pikel
D:5:      minmay_skewed_foursquare, layout_basic
D:6:      layout_basic, amcnicky_altar_gilded, uniq_duvessa
D:7:      layout_basic, mainiacjoe_overflow_concentric_impassable,
          kennysheep_mini, minmay_temple_entry_water_ring,
          grunt_decor_resistance
D:8:      layout_basic, grunt_temple_overflow_forces_of_nature,
          mainiacjoe_overflow_alcove_2, lemuel_tele_altar, minmay_statues_item,
          minmay_misc_feat_encased, uniq_grum
D:9:      layout_loops_cross, mainiacjoe_overflow_alcove_1,
          nicolae_overflow_hidden_temple, mainiacjoe_overflow_paths
D:10:     layout_cave_pools, serial_bayou_crossing
D:11:     layout_rooms, erik_lair_orcish_takeover, serial_shops,
          nicolae_shop_just_a_little_nook, uniq_josephine
D:12:     layout_cave_pools, david_orc_1_choice, serial_rivers,
          chequers_serial_rivers_large_b, chequers_serial_rivers_micro_a,
          chequers_serial_rivers_small_3, chequers_serial_rivers_micro_d,
          chequers_serial_rivers_small_3, uniq_kirke
D:13:     layout_irregular_city, serial_shops, shop_statue
D:14:     layout_roguey, david_vaults_3, nicolae_dithmenos_shadow_blocks,
          trove_entry_hex_spiral, lemuel_zombie_altar_kikubaaqudgha
D:15:     hangedman_depths_entry_civil_slaughter, layout_basic
Temple:   minmay_freezing_vapour_temple
Lair:1:   layout_regular_city, maelrawn_ghost_gauntlet_escape,
          grunt_megastairs_5
Lair:2:   layout_roguey, portal_ice_cave_demonic_guard, grunt_megastairs_3,
          uniq_erica, uniq_sonja, uniq_gastronok
Lair:3:   layout_misc_corridors, elwin_shoals_entry_rocks,
          guppyfry_snake_entry_garden, uniq_nessos
Lair:4:   layout_loops_ring, st_stairs_10, minmay_stone_trees_small,
          nzn_sisyphean_effort
Lair:5:   hellmonk_lair_end_abyssal_woods, layout_small_grid, slime_entry_1,
          serial_bayou_lake_a
Snake:1:  onia_ninara_swampy_vault, layout_misc_corridors, serial_bayou_pond_b
Snake:2:  layout_honeycomb, minmay_shoptagon, uniq_vashnia, uniq_asterion
Orc:1:    layout_caves
Orc:2:    grunt_orc_community_town_hall, layout_caves,
          grunt_orc_community_big_house_2, grunt_orc_community_big_house_2,
          grunt_orc_community_house_1, grunt_orc_community_house_2,
          grunt_orc_community_house_3, grunt_orc_community_house_1,
          grunt_orc_community_house_2, nicolae_volcano_entry_vermiform,
          uniq_azrael

Skill      XL: |  1  2  3  4  5  6  7  8  9 10 11 12 13 14 15 16 |
---------------+-------------------------------------------------+-----
Axes           | 4 6 7 8 9 11 13 15 17 19 20 | 20.0
Fighting       | 4 5 6 7 8 10 11 12 14 16 17 18 | 18.3
Armour         | 3 4 5 6 8 9 11 12 13 15 16 18 | 18.1
Shields        | 3 5 6 8 10 11 | 11.0
Throwing       | 1 5 |  5.0
Evocations     | 1 4 5 |  5.0
Stealth        | 1 4 5 |  5.0
Dodging        | 5 |  5.0

Action                     |  1- 3 |  4- 6 |  7- 9 | 10-12 | 13-15 | 16-18 || total
---------------------------+-------+-------+-------+-------+-------+-------++-------
  Melee: Hand axe          |    73 |    37 |       |       |    12 |    13 ||   135
         Headbutt          |    10 |    16 |    40 |    87 |   181 |    34 ||   368
         War axe           |       |    31 |    79 |       |       |       ||   110
         Battleaxe         |       |       |   107 |   365 |   818 |   118 ||  1408
  Throw: Javelin           |       |     3 |       |       |       |       ||     3
         Boomerang         |       |       |       |       |    14 |     2 ||    16
 Invoke: Trog's Hand       |       |     3 |     8 |    13 |    12 |     3 ||    39
         Berserk           |       |     3 |     6 |    10 |     6 |       ||    25
         Brothers in Arms  |       |       |       |       |     7 |     2 ||     9
    Use: Scroll            |       |       |       |    29 |     7 |     2 ||    38
         Potion            |       |       |       |       |       |    10 ||    10
 Armour: Animal skin       |    10 |       |       |       |       |       ||    10
         Ring mail         |    11 |    32 |    34 |       |       |       ||    77
         Plate armour      |       |       |    61 |   282 |   586 |   168 ||  1097
         Chain mail        |       |       |    11 |       |       |       ||    11
  Dodge: Dodged            |    42 |    25 |    89 |   136 |   359 |   101 ||   752
  Block: Buckler           |       |     4 |     7 |       |       |       ||    11
         Kite shield       |       |       |    14 |       |       |       ||    14
